 Dungeon Crawl Stone Soup version 0.29.1-15-g9cfb28693d (webtiles) character file.

Game seed: 14669657983773282246

7 monsoonserge the Grave Robber (level 1, 0/13 HPs)
             Began as a Vampire Necromancer on Apr 17, 2023.
             Slain by a goblin
             ... wielding a +0 dagger
              (2 damage)
             ... on level 1 of the Dungeon.
             The game lasted 00:02:55 (209 turns).

monsoonserge the Grave Robber (Vampire Necromancer)  Turns: 209, Time: 00:02:56

Health: 0/13       AC:  2    Str:  7    XL:     1   Next: 91%
Magic:  3/3        EV:  8    Int: 17    God:
Gold:   20         SH: 10    Dex: 14    Spells: 3/4 levels left

rFire   . . .      SeeInvis +   c - +0 short sword
rCold   . . .      Faith    .   f - +0 tower shield
rNeg    . . .      Spirit   .   a - +0 robe
rPois   .          Reflect  .   (no helmet)
rElec   .          Harm     .   (no cloak)
rCorr   .          Rampage  .   (no gloves)
Will    .....                   (no boots)
Stlth   ++........              (no amulet)
HPRegen 0.24/turn               (no ring)
MPRegen 0.08/turn               (no ring)

@: brilliant, healing quickly
A: alive, fangs 3, see invisible, vampiric 1
a: Exsanguinate


You were on level 1 of the Dungeon.
You visited 1 branch of the dungeon, and saw 1 of its levels.

You collected 20 gold pieces.

Inventory:

Hand Weapons
 c - a +0 short sword (weapon)
Missiles
 g - 12 stones
Armour
 a - a +0 robe (worn)
 f - a +0 tower shield (worn)
Potions
 b - a potion of magic
 h - a potion of cancellation {unknown}


   Skills:
 + Level 2.4 Dodging
 - Level 3.0 Stealth
 * Level 0.2 Shields
 - Level 2.0 Spellcasting
 * Level 4.7 Necromancy


You had 3 spell levels left.
You knew the following spells:

 Your Spells              Type           Power      Damage    Failure   Level
a - Necrotise             Necr           100%       1d9       45%         1

Your spell library contained the following spells:

 Spells                   Type           Power      Damage    Failure   Level
 Vampiric Draining        Necr           26%        2d7       83%         3
 Animate Dead             Necr           26%        N/A       99%         4
 Agony                    Necr           26%        N/A       100%        5


Dungeon Overview and Level Annotations

Branches:
Dungeon (1/15)

Altars:


Innate Abilities, Weirdness & Mutations

Your natural rate of healing is accelerated.
You have razor-sharp teeth.
You have supernaturally acute eyesight. (SInv)
You are afflicted with vampirism.


Message History

g - 12 stones (gained 9)
There are no items here.
An endoplasm comes into view.
A hobgoblin comes into view.
The hobgoblin shouts!
A goblin comes into view. It is wielding a +0 dagger.
Found a dagger.
The endoplasm freezes you.
You are frozen.
You hit the endoplasm but do no damage. You block the endoplasm's attack.
You hit the endoplasm.
The endoplasm is moderately wounded.
The endoplasm freezes you.
You are frozen.
The endoplasm freezes you.
You are frozen.
* * * LOW HITPOINT WARNING * * *
Okay, then.
It was a potion of curing.
You feel better. The endoplasm hits you.
The goblin hits you but does no damage.
You hit the hobgoblin but do no damage.
You bite the hobgoblin, but do no damage.
The hobgoblin hits you. The endoplasm freezes you.
You are frozen.
* * * LOW HITPOINT WARNING * * *
You block the goblin's attack.
Casting: Necrotise (safe; 45% risk of failure)
Confirm with . or Enter, or press ? or * to list all spells.
Aiming: Necrotise (safe; 45% risk of failure)
Press: ? - help, Shift-Dir - straight line, f - hobgoblin
Aim: a hobgoblin (chance to affect: 87%)
Okay, then.
Unknown command.
Unknown command.
It was a potion of brilliance.
You feel clever all of a sudden. You block the hobgoblin's attack.
The endoplasm misses you. The goblin hits you with a +0 dagger.
You die...

#.#.# #.#.####
########## #.#.#..
.......... ##
#.#.#.##########.... .
####..........# #.###
..............#####.#..
#.................. ###
##g#.#####......... ...
#@#..........))... ###
......gJ#######.........
... ........# #.........
### #.......#
###........^ #
#.#.......# #...........
# #.#.......#
#.#......... #
#.#.......# #.##########
#.#...)...# #.#
########.# ..# #.#


You could see an endoplasm, a hobgoblin and a goblin.

Vanquished Creatures
  2 endoplasms (D:1)
  2 goblins (D:1)
  A ball python (D:1)
  A frilled lizard (D:1)
  A rat (D:1)
7 creatures vanquished.

Notes
Turn   | Place    | Note
-------+----------+-------------------------------------------
     0 | D:1      | monsoonserge the Vampire Necromancer began the quest for
                  | the Orb.
     0 | D:1      | Reached XP level 1. HP: 13/13 MP: 3/3
   209 | D:1      | Slain by a goblin

Illustrated notes

Levels and vault maps discovered:
D:1:      lightli_molten_gateway, layout_basic

Action                   || total
-------------------------++-------
Melee: Short sword       ||     8
       Bite              ||     2
 Cast: Necrotise         ||     5
  Use: Potion            ||     2
 Stab: Sleeping          ||     2
Armor: Robe              ||     1
Dodge: Dodged            ||     1
Block: Tower shield      ||     4
